 Dungeon Crawl Stone Soup version 0.28-a0-21-gf74fda84f9 (webtiles) character file.

Game seed: 9344704447219832740

428 robertstho the Skirmisher (level 6, -4/48 HPs)
             Began as a Demonspawn Abyssal Knight on July 26, 2021.
             Was a Believer of Lugonu.
             Slain by Blork the orc (5 damage)
             ... on level 5 of the Dungeon.
             The game lasted 00:07:52 (3968 turns).

robertstho the Skirmisher (DsAK)                    Turns: 3968, Time: 00:07:53

Health: -4/48      AC: 11    Str: 15    XL:     6   Next: 65%
Magic:  9/9        EV:  7    Int: 13    God:    Lugonu [**....]
Gold:   147        SH:  0    Dex: 14    Spells: 5/5 levels left

rFire   + . .      SeeInvis .   a - +2 hand axe
rCold   . . .      Faith    .   (no shield)
rNeg    . . .      Spirit   .   e - +0 chain mail
rPois   .          Reflect  .   (no helmet)
rElec   .          Harm     .   (no cloak)
rCorr   +          Rampage  .   (no gloves)
Will    .....                   (no boots)
Stlth   ..........              (no amulet)
HPRegen 0.16/turn               i - ring of resist corrosion
MPRegen 0.22/turn               (no ring)

@: attractive
A: talons 2, slimy green scales 1, magic regeneration, thin skeletal structure
1, fire resistance 1
a: Renounce Religion, Depart the Abyss, Bend Space


You were on level 5 of the Dungeon.
You worshipped Lugonu.
Lugonu was pleased with you.
You visited 1 branch of the dungeon, and saw 7 of its levels.
You visited the Abyss 1 time.

You collected 147 gold pieces.

Inventory:

Hand Weapons
 a - a +2 hand axe (weapon)
Armour
 e - a +0 chain mail (worn)
Jewellery
 i - a ring of resist corrosion (left hand)
Wands
 k - a wand of paralysis (5)
Scrolls
 l - a scroll of magic mapping
 m - a scroll of teleportation {unknown}
 n - a scroll of fear {unknown}
Potions
 d - a potion of flight


   Skills:
 * Level 4.2 Fighting
 + Level 3.2 Axes
 * Level 4.2 Armour
 + Level 1.0 Dodging
 + Level 1.7 Stealth
 * Level 4.1 Invocations
 + Level 0.1 Evocations


You had 5 spell levels left.
You didn't know any spells.
Your spell library contained the following spells:

 Spells                   Type           Power      Damage    Failure   Level
 Magic Dart               Conj           0%         1d3       99%         1
 Sandblast                Erth           0%         2d4       99%         1
 Blink                    Tloc           N/A        N/A       100%        2
 Passwall                 Tmut/Erth      0%         N/A       100%        2
 Searing Ray              Conj           0%         3d3       100%        2
 Lesser Beckoning         Tloc           0%         N/A       100%        3
 Fulminant Prism          Conj/Hex       0%         3d6       100%        4
 Lee's Rapid Deconstruct  Erth           0%         3d5*      100%        5
 Manifold Assault         Tloc           0%         N/A       100%        5


Dungeon Overview and Level Annotations

Branches:
Dungeon (7/15)
 Temple: D:4-7

Altars:
Ru

Shops:
D:4 =

Annotations:
D:5 Blork the orc, Dowan, Duvessa, Menkaure


Innate Abilities, Weirdness & Mutations

You have razor-sharp toenails.
You are partially covered in slimy green scales. (AC +2)
You regenerate magic rapidly.
You have a somewhat thin skeletal structure. (Dex +2, Stealth+)
Your flesh is heat resistant. (rF+)


Message History

Blork the orc seems to speed up.
The hound zombie bites you but does no damage.
You hit the hound zombie.
The hound zombie is almost destroyed.
It was a potion of magic.
Magic courses through your body.
Blork the orc hits you with a +2 vorpal battleaxe!
Blork the orc closely misses you.
Your chain mail prevents you from hitting Blork the orc.
You claw Blork the orc, but do no damage.
Blork the orc barely misses you.
You hit Blork the orc. Your kick misses Blork the orc.
Blork the orc is lightly wounded.
Blork the orc points at you and mumbles some strange words.
The magic dart hits you. Blork the orc barely misses you.
You hit Blork the orc.
Blork the orc is moderately wounded.
Blork the orc casts a cantrip, but nothing happens.
Blork the orc hits you with a +2 vorpal battleaxe!
You hit Blork the orc.
Blork the orc is moderately wounded.
Blork the orc barely misses you.
Blork the orc gestures at you while chanting.
The puff of flame hits you but does no damage.
As you read the scroll labelled SER ONAUTHRAMP, it crumbles to dust.
It is a scroll of enchant weapon.
Your +1 hand axe glows red for a moment.
Blork the orc looks encouraged for a moment.
It was a potion of attraction.
You feel attractive to monsters. Blork the orc barely misses you.
Blork the orc hits you with a +2 vorpal battleaxe!
* * * LOW HITPOINT WARNING * * *
It was a potion of mutation.
You feel extremely strange.
You feel resistant to heat.
Your bones become slightly less dense.
Blork the orc begins to cast a cantrip, but forgets the words!
Menkaure, Duvessa and Dowan come into view.
Duvessa shouts!
Dowan shouts!
Menkaure shouts!
Blork the orc hits you with a +2 vorpal battleaxe!
* * * LOW HITPOINT WARNING * * *
You die...

#.Z....#
####..(#
#.....##
#.#####
#.# #Z#
#.# #o#
#@#
#.M...e..
########.


You could see Duvessa, Blork the orc (fast), Menkaure and a hound zombie.

Vanquished Creatures
  2 black bears
  A bullfrog zombie (D:7)
  An orc priest (D:4)
  A centaur skeleton (D:3)
  4 gnolls (D:3)
  5 adders
  A worm (D:3)
  2 dart slugs
  5 orcs
  8 ball pythons
  6 endoplasms
  A giant cockroach (D:2)
  2 goblins
  4 hobgoblins
  4 jackals
  8 kobolds
  2 quokkas
  6 bats
  2 frilled lizards
  6 rats
71 creatures vanquished.

Vanquished Creatures (others)
  An orc (D:7)
1 creature vanquished.

Grand Total: 72 creatures vanquished

Notes
Turn   | Place    | Note
-------+----------+-------------------------------------------
     0 | Abyss:1  | robertstho the Demonspawn Abyssal Knight began the quest
                  | for the Orb.
     0 | Abyss:1  | Reached XP level 1. HP: 18/18 MP: 2/2
    74 | Abyss:1  | Noticed a death knight
    75 | D:1      | Escaped the Abyss
   302 | D:1      | Reached * piety under Lugonu
   410 | D:1      | Gained mutation: You have sharp toenails. [demonic
                  | ancestry]
   410 | D:1      | Reached XP level 2. HP: 18/24 MP: 4/4
  1437 | D:2      | Gained mutation: You are partially covered in slimy green
                  | scales. (AC +2) [demonic ancestry]
  1437 | D:2      | Reached XP level 3. HP: 26/29 MP: 5/5
  1738 | D:2      | Reached ** piety under Lugonu
  1953 | D:3      | Reached skill level 1 in Stealth
  1953 | D:3      | Reached XP level 4. HP: 17/35 MP: 6/6
  2445 | D:3      | Gained mutation: You regenerate magic rapidly. [demonic
                  | ancestry]
  2445 | D:3      | Reached XP level 5. HP: 41/41 MP: 7/7
  2859 | D:4      | Found Vodukuwk's Jewellery Shoppe.
  3201 | D:4      | Found a sacrificial altar of Ru.
  3239 | D:4      | You fall into a shaft and drop 3 floors!
  3247 | D:7      | Noticed a black bear
  3264 | D:7      | Killed a black bear
  3265 | D:7      | Reached skill level 1 in Dodging
  3265 | D:7      | Gained mutation: You have razor-sharp toenails. [demonic
                  | ancestry]
  3265 | D:7      | Reached XP level 6. HP: 19/48 MP: 8/8
  3919 | D:5      | Entered Level 5 of the Dungeon
  3919 | D:5      | Noticed Blork the orc
  3966 | D:5      | Gained mutation: Your flesh is heat resistant. (rF+)
                  | [potion of mutation]
  3966 | D:5      | Gained mutation: You have a somewhat thin skeletal
                  | structure. (Dex +2, Stealth+) [potion of mutation]
  3968 | D:5      | Noticed Duvessa
  3968 | D:5      | Noticed Dowan
  3968 | D:5      | Noticed Menkaure
  3968 | D:5      | HP: 1/48 [Blork the orc (13)]
  3968 | D:5      | Slain by Blork the orc

Illustrated notes

Levels and vault maps discovered:
D:1:      matt_arrival_refuge, layout_basic, chequers_serial_rivers_micro_b
D:2:      layout_loops_cross
D:3:      layout_rooms
D:4:      layout_loops_ring, overflow_temple_1_default,
          minmay_temple_entry_mist, minmay_crystal_water,
          minmay_shop_enchanted_jewellery, uniq_robin
D:5:      layout_basic, serial_corexii_hall, corexii_hall_statues_i,
          chequers_hall_statues_corner_a, mumra_transporter_accident,
          minmay_liquid_box, uniq_blork_the_orc, uniq_duvessa, uniq_menkaure,
          uniq_ijyb
D:6:      layout_gridville, nicolae_sextant, hex_large, minivault_14,
          minmay_fountain_box, minmay_misc_feat_rows, uniq_prince_ribbit1
D:7:      layout_basic

Skill      XL: |  1  2  3  4  5  6 |
---------------+-------------------+-----
Armour         | 2 3 4 |  4.2
Axes           | 2 3 |  3.2
Invocations    | 3 4 |  4.1
Stealth        | 1 |  1.7
Fighting       | 4 |  4.2
Dodging        | 1 |  1.0
Evocations     | |  0.1

Action                   |  1- 3 |  4- 6 || total
-------------------------+-------+-------++-------
Melee: Hand axe          |   111 |   125 ||   236
       Kick              |    21 |    32 ||    53
Invok: Depart the Abyss  |     1 |       ||     1
Evoke: Wand              |       |     1 ||     1
  Use: Scroll            |     3 |     4 ||     7
       Potion            |       |     7 ||     7
 Stab: Paralysed         |       |     3 ||     3
Armor: Leather armour    |    32 |       ||    32
       Chain mail        |    39 |   116 ||   155
Dodge: Dodged            |    73 |    48 ||   121

Table legend: (Time is in decaauts)
 A = Elapsed time spent in this place.
 B = Non-inter-level travel time spent in this place.
 C = Inter-level travel time spent in this place.
 D = Time resting spent in this place.
 E = Time spent auto-exploring this place.
 F = Levels seen in this place.
 G = Mean time per level.
                   A        B        C        D        E       F      G
               +--------+--------+--------+--------+--------+-----+--------+
         Total |   4023 |   3965 |     58 |    342 |   2765 |   8 |  502.9 |
       Dungeon |   3948 |   3890 |     58 |    342 |   2692 |   7 |  564.0 |
         Abyss |     75 |     75 |      0 |      0 |     73 |   1 |   75.0 |
               +--------+--------+--------+--------+--------+-----+--------+

Top non-repeatable levels by time:
     D:1: 1138 daAuts
     D:3: 952 daAuts
     D:2: 703 daAuts
     D:4: 419 daAuts
     D:7: 379 daAuts
     D:6: 305 daAuts
 Abyss:1: 75 daAuts
     D:5: 50 daAuts
